 Dungeon Crawl Stone Soup version 0.30.1-9-gdf580d7c3d (webtiles) character file.

Game seed: 1029747997633049080

352460 monsoonserge the Slayer (level 21, -26/189 HPs)
             Began as a Minotaur Berserker on Oct 6, 2023.
             Was the Champion of Trog.
             Annihilated by an enormous slime creature (55 damage)
             ... on level 4 of the Pits of Slime.
             The game lasted 03:53:33 (44809 turns).

monsoonserge the Slayer (Minotaur Berserker)       Turns: 44809, Time: 03:53:34

Health: -26/189    AC: 38    Str: 44    XL:     21   Next: 31%
Magic:  0/15       EV: 15    Int:  2    God:    Trog [******]
Gold:   2322       SH: 19    Dex:  9    Spells: 20/20 levels left

rFire   + . .        a - +10 demon trident of Nononug {heavy, *Noise Fly SInv}
rCold   + + +        M - +3 warlock's mirror {omnireflect}
rNeg    . . .        J - +12 chain mail "Urghadom" {Dex+3 Stlth+}
rPois   +            L - +0 hat "Epnous" {rF+ Will+ Regen+ Str+3}
rElec   .            b - +2 cloak
rCorr   +            Z - +2 pair of gloves {Str+3}
SInv    +            n - +0 pair of boots of Complete Protection {rPois rCorr Dex-2}
Will    +++++        r - brooch of Shielding {Spirit SH+8}
Stlth   +            Q - ring of the Endless Expanse {rPois rC+ Will+ Str+6 Dex-3}
HPRegen 2.31/turn    N - ring "Iprutzid" {rC++ SInv}
MPRegen 0.14/turn

%: reflection, guardian spirit
@: strong-willed, flying, regenerating
A: horns 2, retaliatory headbutt, iridescent scales 1, deterioration 2, dopey 1,
frail 1, low MP 2, poison resistance, wild magic 1, MP-powered wands
}: 2/15 runes: decaying, serpentine
a: Renounce Religion, Berserk, Trog's Hand, Brothers in Arms


You were on level 4 of the Pits of Slime.
You worshipped Trog.
Trog was exalted by your worship.
You visited 10 branches of the dungeon, and saw 41 of its levels.
You visited 1 bazaar.
You also visited: Bailey, Gauntlet and Wizlab.

You collected 4484 gold pieces.
You spent 2162 gold pieces at shops.

Inventory:

Hand Weapons
 a - the +10 demon trident of Nononug (weapon) {heavy, *Noise Fly SInv}
   (Trog gifted it to you on level 2 of the Pits of Slime)

   SInv:      It lets you see invisible.
   Fly:       It grants you flight.
   *Noise:    It may make noises in combat.
Missiles
 i - 10 curare-tipped darts
 m - 2 throwing nets
 s - 54 boomerangs (quivered)
 x - 7 atropa-tipped darts
 W - 3 silver boomerangs
 X - 7 silver javelins
Armour
 b - a +2 cloak (worn)
 n - the +0 pair of boots of Complete Protection (worn) {rPois rCorr Dex-2}
   (You found it in a Gauntlet)

   Dex:       It affects your dexterity (-2).
   rPois:     It protects you from poison.
   rCorr:     It protects you from acid and corrosion.
 y - a scarf of resistance
 H - a +2 pair of boots of flying
 J - the +12 chain mail "Urghadom" (worn) {Dex+3 Stlth+}
   (You took it off a kobold in a bailey)

   Dex:       It affects your dexterity (+3).
   Stlth:     It makes you more stealthy.
 L - the +0 hat "Epnous" (worn) {rF+ Will+ Regen+ Str+3}
   (You acquired it on level 13 of the Dungeon)

   Str:       It affects your strength (+3).
   rF:        It protects you from fire.
   Regen:     It increases your rate of health regeneration.
   Will:      It increases your willpower.
 M - the +3 warlock's mirror (worn) {omnireflect}
   (You acquired it on level 2 of the Swamp)

   Omnireflect: It can block and reflect piercing ranged attacks and magical
   attacks against the wielder's willpower.
 Z - a +2 pair of gloves of strength (worn)
Jewellery
 r - the brooch of Shielding (around neck) {Spirit SH+8}
   (You bought it in a shop on level 4 of the Vaults)

   [amulet of guardian spirit]

   It causes incoming damage to be divided between your reserves of health and
   magic.
   SH:        It affects your SH (+8).
 v - a ring of protection from cold
 I - the amulet "Sufuf" {Spirit rF+++ Regen+ Str-5 Int+2}
   (You found it in a Gauntlet)

   [amulet of guardian spirit]

   It causes incoming damage to be divided between your reserves of health and
   magic.
   Str:       It affects your strength (-5).
   Int:       It affects your intelligence (+2).
   rF:        It renders you almost immune to fire.
   Regen:     It increases your rate of health regeneration.
 N - the ring "Iprutzid" (right hand) {rC++ SInv}
   (You acquired it on level 11 of the Dungeon)

   [ring of see invisible]

   rC:        It greatly protects you from cold.
   SInv:      It lets you see invisible.
 Q - the ring of the Endless Expanse (left hand) {rPois rC+ Will+ Str+6 Dex-3}
   (You bought it in a shop on level 15 of the Dungeon)

   [ring of strength]

   Str:       It affects your strength (+6).
   Dex:       It affects your dexterity (-3).
   rC:        It protects you from cold.
   rPois:     It protects you from poison.
   Will:      It increases your willpower.
Wands
 g - a wand of polymorph (11)
 z - a wand of mindburst (59)
 F - a wand of iceblast (22)
 O - a wand of paralysis (10)
 P - a wand of quicksilver (16)
Scrolls
 d - a scroll of torment
 j - 9 scrolls of immolation
 l - 5 scrolls of blinking
 u - 16 scrolls of teleportation
 w - 6 scrolls of fog
 B - 7 scrolls of fear
 D - 2 scrolls of silence
 G - 2 scrolls of enchant armour
 S - 6 scrolls of poison
 U - 7 scrolls of magic mapping
Potions
 c - 4 potions of magic
 e - 12 potions of heal wounds
 f - a potion of might
 h - 12 potions of attraction
 p - 11 potions of mutation
 q - 15 potions of curing
 t - 16 potions of haste
 A - 4 potions of cancellation
 C - 3 potions of ambrosia
 E - 5 potions of lignification
 K - 3 potions of resistance
 R - a potion of invisibility
 V - 7 potions of flight
Miscellaneous
 k - a phial of floods
 o - a lightning rod (4/4)
 T - a phantom mirror
 Y - a tin of tremorstones (2/2)


   Skills:
 + Level 23.2 Fighting
 + Level 4.5(14.3) Axes
 - Level 15.7(16.0) Maces & Flails
 + Level 14.5(14.8) Polearms
 + Level 4.6 Ranged Weapons
 - Level 10.0 Throwing
 + Level 19.7 Armour
 + Level 17.8 Dodging
 + Level 5.0 Stealth
 + Level 18.4 Shields
 - Level 9.0 Evocations


You had 20 spell levels left.
You didn't know any spells.
Your spell library contained the following spells:

 Spells                   Type           Power      Damage    Failure   Level
 Apportation              Tloc           0%         N/A       83%         1
 Beastly Appendage        Tmut           0%         N/A       83%         1
 Foxfire                  Conj/Fire      0%         2x1d4     83%         1
 Magic Dart               Conj           0%         1d3       83%         1
 Necrotise                Necr           0%         1d4       83%         1
 Sandblast                Erth           0%         2d4       83%         1
 Shock                    Conj/Air       0%         1d3       83%         1
 Call Imp                 Summ           0%         N/A       92%         2
 Cigotuvi's Dreadful Rot  Necr/Pois/Air  0%         N/A       92%         2
 Momentum Strike          Conj/Tloc      0%         3d8       92%         2
 Passwall                 Tmut/Erth      0%         N/A       92%         2
 Poisonous Vapours        Pois/Air       0%         N/A       92%         2
 Searing Ray              Conj           0%         2d4       92%         2
 Static Discharge         Conj/Air       0%         2-2/arc   92%         2
 Wereblood                Tmut           0%         N/A       92%         2
 Call Canine Familiar     Summ           0%         N/A       99%         3
 Dazzling Flash           Conj/Hex       0%         N/A       99%         3
 Hailstorm                Conj/Ice       0%         3d3       99%         3
 Ignite Poison            Fire/Tmut/Pois 0%         N/A       99%         3
 Inner Flame              Hex/Fire       0%         N/A       99%         3
 Mephitic Cloud           Conj/Pois/Air  0%         N/A       99%         3
 Portal Projectile        Hex/Tloc       0%         N/A       99%         3
 Spider Form              Tmut/Pois      0%         N/A       99%         3
 Vampiric Draining        Necr           0%         2d6       99%         3
 Anguish                  Hex/Necr       0%         N/A       100%        4
 Cause Fear               Hex            0%         N/A       100%        4
 Fulminant Prism          Conj/Hex       0%         3d5       100%        4
 Ice Form                 Ice/Tmut       0%         N/A       100%        4
 Iskenderun's Mystic Bla  Conj/Tloc      0%         2d3       100%        4
 Leda's Liquefaction      Hex/Erth       0%         N/A       100%        4
 Olgreb's Toxic Radiance  Pois           0%         N/A       100%        4
 Passage of Golubria      Tloc           0%         N/A       100%        4
 Agony                    Necr           0%         N/A       100%        5
 Alistair's Intoxication  Tmut/Pois      0%         N/A       100%        5
 Fireball                 Conj/Fire      0%         3d3       100%        5
 Freezing Cloud           Conj/Ice/Air   0%         6-21      100%        5
 Iskenderun's Battlesphe  Conj           0%         2d6       100%        5
 Lee's Rapid Deconstruct  Erth           0%         3d4*      100%        5
 Silence                  Hex/Air        0%         N/A       100%        5
 Summon Forest            Summ/Tloc      0%         N/A       100%        5
 Summon Mana Viper        Hex/Summ       0%         N/A       100%        5
 Yara's Violent Unravell  Hex/Tmut       0%         3d3       100%        5
 Plasma Beam              Fire/Air       0%         2x1d11    100%        6
 Simulacrum               Ice/Necr       0%         N/A       100%        6
 Starburst                Conj/Fire      0%         6d3       100%        6
 Statue Form              Tmut/Erth      0%         N/A       100%        6
 Summon Cactus Giant      Summ           0%         N/A       100%        6
 Dragon Form              Tmut           0%         N/A       100%        7
 Enfeeble                 Hex            0%         N/A       100%        7
 Discord                  Hex            0%         N/A       100%        8
 Ignition                 Fire           0%         3d3       100%        8
 Lehudib's Crystal Spear  Conj/Erth      0%         10d2      100%        8
 Necromutation            Tmut/Necr      0%         N/A       100%        8
 Dragon's Call            Summ           0%         N/A       100%        9


Dungeon Overview and Level Annotations

Branches:
Dungeon (15/15)            Temple (1/1) D:5            Lair (5/5) D:8
  Swamp (4/4) Lair:2        Snake (4/4) Lair:3        Slime (4/5) Lair:5
    Orc (2/2) D:12            Elf (0/3) Orc:2        Vaults (4/5) D:14
  Crypt (1/3) Vaults:3     Depths (1/4) D:15         Bailey (visited)
 WizLab (visited)         Gauntlet (visited)

Altars:
Ashenzari
Cheibriados
Dithmenos
Elyvilon
Fedhas
Gozag
Hepliaklqana
Kikubaaqudgha
Makhleb
Nemelex Xobeh
Okawaru
Qazlal
Ru
Sif Muna
Trog
Uskayaw
Vehumet
Wu Jian
Xom
Yredelemnul
Zin
The Shining One
Jiyva
Lugonu

Shops:
D:2 *   D:9 (   D:15 (=([   Orc:2 *?*:   Snake:3 *(   Vaults:2 (
Vaults:3 [*!=:   Vaults:4 =:

Portals:
Hell: Depths:1
Abyss: Lair:5

Annotations:
Vaults:3 dig
Crypt:1 Josephina


Innate Abilities, Weirdness & Mutations

You have a pair of horns on your head.
You reflexively headbutt those who attack you in melee.
You are partially covered in iridescent scales. (AC +2)
Your body often deteriorates upon taking damage.
You are dopey. (Int -2)
You are frail. (-10% HP)
Your magical capacity is very low. (-20% MP)
Your system is resistant to poisons. (rPois)
Your spells are a little harder to cast, but a little more powerful.
You expend magic power (3 MP) to strengthen your wands.


Message History

Okay, then.
Your skin crawls.
You feel strong-willed. The rockslime hits you!
You are shoved backwards!
You skewer the very large slime creature like a kebab!!!!
You hear an angry hiss.
The very large slime creature is heavily wounded.
The very large slime creature barely misses you.
The rockslime misses you.
You block the very large slime creature's attack.
You skewer the very large slime creature like a kebab!!!
The very large slime creature is severely wounded.
Two slime creatures merge to form an enormous slime creature.
The rockslime hits you.
You are shoved backwards!
Unknown command.
You spit the enormous slime creature like a pig!!!
You headbutt the enormous slime creature!!
The enormous slime creature is heavily wounded.
You block the rockslime's attack.
An enormous slime creature splits.
You impale the very large slime creature!!
The very large slime creature is almost dead.
You block the very large slime creature's attack.
You block the rockslime's attack.
Two slime creatures merge to form a very large slime creature.
An enormous slime creature splits.
Two slime creatures merge to form an enormous slime creature.
You spit the very large slime creature like a pig!!!!
You kill the very large slime creature!
Trog accepts your kill. The large slime creature misses you.
You furiously retaliate!
You headbutt the large slime creature.
The rockslime hits you but does no damage.
Two slime creatures merge to form an enormous slime creature.
The enormous slime creature hits you!!!
* * * LOW HITPOINT WARNING * * *
Your iron troll goes berserk!
You block the rockslime's attack.
Two slime creatures merge to form a large slime creature.
The rockslime barely misses you. The enormous slime creature hits you!!!
You die...

## ##.# ###
#...##.## #.......#
#......#######
.##..T..J...#..###
.......@J........#.
..#...JJJ..........
...................
.......J...........
...................
...................
#..................
...................
...................


You could see 2 enormous slime creatures, 2 large slime creatures, a slime
creature, a rockslime (ally target) and a friendly iron troll (summoned,
berserk).

Vanquished Creatures
  Vashnia (Snake:4)
  Nikola (Snake:4)
  Jorgrun (Orc:2)
  6 acid blobs
  3 sphinxes
  Kirke (Lair:4)
  Donald (Swamp:1)
  A fenstrider witch (Swamp:4)
  7 azure jellies
  17 nagarajas
  5 rockslimes
  A frost giant (Vaults:3)
  Aizul (Snake:4)
  Roxanne (Swamp:1)
  A deep elf sorcerer (Vaults:3)
  15 vault wardens
  An orc warlord (Vaults:2)
  12 ironbound preservers
  96 slime creatures
  3 ghouls (Swamp:2)
  The ghost of Ironcache the Black Belt, a journeyman MeGl of Okawaru (Snake:3)
  8 ironbound thunderhulks
  5 quicksilver oozes
  3 very ugly things
  A stone giant (Depths:1)
  Nessos (D:14)
  3 vampire knights
  The ghost of Psyclone the Unseen, a journeyman OpVM of Gozag (Lair:2)
  7 eleionomae
  3 bunyips
  A minotaur (Gauntlet)
  7 dire elephants
  8 statues (WizLab)
  10 purple draconians (WizLab)
  Snorg (D:14)
  An ettin (Depths:1)
  A green death (Swamp:4)
  2 crystal guardians
  14 great orbs of eyes
  2 entropy weavers
  6 yaktaur captains
  A hydra (shapeshifter) (Depths:1)
  A salamander tyrant (Snake:4)
  An ogre mage (D:14)
  3 peacekeepers
  5 ironbound frosthearts
  16 hydras
  A spriggan air mage (Swamp:4)
  11 vault guards
  A centaur warrior (D:11)
  4 boulder beetles
  6 two-headed ogres
  8 alligators
  2 ghost crabs (Swamp:4)
  9 anacondas
  3 tengu warriors (Depths:1)
  A deep troll earth mage (Depths:1)
  A vampire mage (Vaults:3)
  A deep troll shaman (Depths:1)
  13 naga warriors
  5 orc high priests (Orc:2)
  8 shock serpents
  Sonja (Lair:4)
  3 thrashing horrors (Lair:5)
  17 naga sharpshooters
  A salamander mystic (Snake:3)
  A skyshark (Lair:5)
  An iron troll (Depths:1)
  A skeletal warrior (D:15)
  A skyshark (shapeshifter) (Depths:1)
  A golden dragon zombie (Depths:1)
  38 deep trolls
  A shadow dragon zombie (Depths:1)
  A death drake (shapeshifter) (Lair:5)
  5 swamp dragons
  A sea snake (Snake:4)
  4 lindwurms
  A spriggan simulacrum (Depths:1)
  14 naga ritualists
  A flayed ghost (D:15)
  An obsidian statue (Gauntlet)
  A phantasmal warrior (Vaults:3)
  11 bog bodies
  4 spriggan druids
  13 ironbound convokers
  Pikel (D:8)
  11 orc knights
  12 wizards
  2 deep elf pyromancers (D:12)
  A frost giant zombie (D:15)
  An oklob plant (Lair:4)
  6 mana vipers
  5 necromancers
  A shadow dragon skeleton (Vaults:3)
  3 orc sorcerers
  20 ugly things
  2 manticores
  7 shining eyes
  A manticore (shapeshifter) (D:14)
  6 large abominations
  A will-o-the-wisp (Swamp:2)
  4 cyclopes
  4 salamanders
  An ice statue (Gauntlet)
  9 spectral spriggans (Swamp:2)
  An apocalypse crab (Gauntlet)
  A fire giant skeleton (Depths:1)
  29 black mambas
  16 elephants
  13 naga magi
  6 guardian serpents
  7 vault sentinels
  4 smoke demons (Lair:5)
  3 orange demons (Swamp:4)
  A stone giant skeleton (D:15)
  13 cane toads
  2 eyes of devastation
  5 rime drakes
  12 komodo dragons
  3 efreet
  An elf skeleton (Vaults:3)
  An unseen horror (D:11)
  An ancient zyme (Lair:5)
  A kobold demonologist (D:13)
  2 freezing wraiths (Swamp:2)
  12 tengu conjurers
  A yaktaur (shapeshifter) (D:13)
  31 yaktaurs
  A yaktaur skeleton (Vaults:3)
  A guardian mummy (D:15)
  A bloated husk (Swamp:2)
  A queen bee (Lair:2)
  5 trolls
  A human zombie (Vaults:3)
  2 polar bears (Lair:5)
  A tarantella (shapeshifter) (Depths:1)
  11 hornets
  7 tyrant leeches
  A raiju (shapeshifter) (Lair:5)
  16 blink frogs
  An ettin zombie (Vaults:3)
  Sigmund (D:4)
  2 centaur simulacra
  4 shadows
  14 spriggans
  2 wraiths
  4 wyverns
  A spriggan skeleton (D:15)
  A ynoxinul (Lair:5)
  3 hogs (Lair:4)
  15 humans
  Eustachio (D:4)
  37 yaks
  8 basilisks
  2 chaos spawn (Gauntlet)
  26 vampire mosquitoes
  3 redbacks
  Menkaure (D:4)
  8 wargs
  46 nagas
  A neqoxec (Gauntlet)
  11 swamp worms
  2 acid dragons
  11 water moccasins
  A glowing shapeshifter skeleton (D:15)
  37 orc warriors
  3 black bears
  2 swamp drakes
  An ice beast (D:8)
  15 small abominations
  10 ogres
  A sky beast (D:7)
  4 boggarts
  3 wolves (Lair:2)
  5 centaurs
  2 phantoms (D:5)
  7 bullfrogs
  A kobold brigand (D:8)
  2 gnoll sergeants
  A scorpion (D:7)
  26 killer bees (Lair:2)
  An electric eel (Snake:3)
  5 howler monkeys
  3 lava snakes (Lair:3)
  6 hounds
  8 jellies
  28 orc priests
  2 sleepcaps
  Terence (D:2)
  A hell rat (Lair:2)
  2 yak simulacra (D:15)
  10 iguanas
  7 orc wizards
  5 polar bear simulacra (D:15)
  3 wolf simulacra (D:15)
  9 adders
  16 gnolls
  2 river rats (Lair:2)
  2 white imps (D:7)
  An ufetubus (D:5)
  3 worms
  61 orcs
  5 bats
  7 endoplasms
  4 giant cockroaches
  13 goblins
  7 hobgoblins
  3 jackals (D:4)
  25 kobolds
  6 quokkas
  5 ball pythons
  4 frilled lizards
  6 rats
  A river rat simulacrum (D:15)
1385 creatures vanquished.

Vanquished Creatures (collateral kills)
  the Lernaean hydra (Swamp:4)
  2 vault wardens
  A stone giant (Depths:1)
  An ironbound preserver (Vaults:3)
  An eleionoma (Swamp:4)
  2 purple draconians (WizLab)
  A statue (WizLab)
  A green death (Swamp:4)
  A salamander tyrant (Snake:4)
  A fire dragon (Depths:1)
  A yaktaur captain (Vaults:1)
  2 great orbs of eyes (Vaults:3)
  2 hydras
  A ghost crab (Swamp:3)
  3 ironbound frosthearts (Vaults:1)
  A centaur warrior (Vaults:3)
  2 alligators (Swamp:4)
  2 tengu warriors (Depths:1)
  A fire crab (Lair:5)
  A skyshark (Lair:5)
  A goliath frog (Swamp:4)
  4 deep trolls (Vaults:3)
  A spriggan druid (Swamp:4)
  2 swamp dragons
  A lindwurm (Vaults:3)
  4 ironbound convokers
  2 vault sentinels (Vaults:3)
  2 cane toads (Lair:5)
  3 tengu conjurers (WizLab)
  A hornet (Swamp:1)
  2 slime creatures (Swamp:4)
  2 swamp worms
53 creatures vanquished.

Vanquished Creatures (others)
  A nagaraja (Snake:4)
  A draconian knight (WizLab)
  A very ugly thing (Swamp:4)
  2 eleionomae
  A swamp dragon (Swamp:4)
  3 bloated husks
  A hornet (Swamp:4)
  2 spriggans (Swamp:4)
  4 humans
  A boggart (Vaults:4)
  6 foxfires (Swamp:2)
23 creatures vanquished.

Grand Total: 1461 creatures vanquished

Notes
Turn   | Place    | Note
-------+----------+-------------------------------------------
     0 | D:1      | monsoonserge the Minotaur Berserker began the quest for the
                  | Orb.
     0 | D:1      | Reached XP level 1. HP: 19/19 MP: 0/0
   143 | D:1      | Reached skill level 4 in Fighting
   143 | D:1      | Reached XP level 2. HP: 19/27 MP: 1/1
   698 | D:2      | Reached XP level 3. HP: 30/34 MP: 2/2
   705 | D:2      | Reached ** piety under Trog
   741 | D:2      | Noticed Terence
   754 | D:2      | Killed Terence
  1000 | D:2      | Reached XP level 4. HP: 41/41 MP: 3/3
  1040 | D:2      | Found Vowu Irch's Assorted Antiques.
  1399 | D:3      | Found a faded altar of an unknown god.
  1506 | D:2      | Bought a twisted dire flail for 180 gold pieces
  1506 | D:2      | Identified the +7 dire flail of the Viper {drain, rElec
                  | rPois Will+} (You bought it in a shop on level 2 of the
                  | Dungeon)
  1541 | D:3      | HP: 1/41 [gnoll/+0 spear (4)]
  2125 | D:4      | Reached XP level 5. HP: 47/47 MP: 4/4
  2144 | D:4      | Reached skill level 1 in Maces & Flails
  2144 | D:4      | Reached skill level 1 in Evocations
  2197 | D:4      | Noticed Sigmund
  2304 | D:4      | Noticed Eustachio
  2314 | D:5      | Entered Level 5 of the Dungeon
  2339 | D:5      | Noticed an ogre
  2345 | D:5      | Killed an ogre
  2346 | D:5      | Reached skill level 5 in Fighting
  2346 | D:5      | Reached XP level 6. HP: 56/56 MP: 5/5
  2396 | D:5      | Reached skill level 5 in Maces & Flails
  2456 | D:5      | Found a basalt altar of Yredelemnul.
  2665 | D:5      | Reached XP level 7. HP: 60/61 MP: 6/6
  2714 | D:5      | Found a staircase to the Ecumenical Temple.
  2723 | Temple   | Entered the Ecumenical Temple
  3393 | D:6      | Reached *** piety under Trog
  3583 | D:6      | Reached XP level 8. HP: 60/69 MP: 5/7
  3637 | D:6      | Found a snail-covered altar of Cheibriados.
  3777 | D:6      | Reached skill level 5 in Armour
  4829 | D:7      | Noticed a manticore
  4841 | D:7      | Killed a manticore
  4842 | D:7      | Reached skill level 6 in Fighting
  4842 | D:7      | Reached skill level 10 in Maces & Flails
  4842 | D:7      | HP: 3/105 [centaur/arrow (6)]
  4887 | D:7      | Reached XP level 9. HP: 40/77 MP: 4/8
  5066 | D:7      | Found a shimmering altar of Xom.
  5068 | D:7      | Found a shimmering altar of Xom.
  5069 | D:7      | Found a shimmering altar of Xom.
  5069 | D:7      | Found a shimmering altar of Xom.
  5070 | D:7      | Found a shimmering altar of Xom.
  5304 | D:7      | Noticed a cyclops
  5311 | D:7      | Killed a cyclops
  5377 | D:7      | Noticed a two-headed ogre
  5384 | D:7      | Killed a two-headed ogre
  5385 | D:7      | Reached skill level 7 in Fighting
  5660 | D:7      | Identified the amulet of Angir {Acrobat rF+ MP+9 Int+2
                  | Dex-2}
  5815 | D:7      | Found a stormy altar of Qazlal.
  5815 | D:7      | Found a faded altar of an unknown god.
  5821 | D:7      | Found a shadowy altar of Dithmenos.
  5826 | D:7      | Found a faded altar of an unknown god.
  5827 | D:7      | Found a blossoming altar of Fedhas.
  6002 | D:8      | Found a shimmering blue altar of Sif Muna.
  6149 | D:8      | Reached XP level 10. HP: 73/86 MP: 9/9
  6201 | D:8      | Found a staircase to the Lair.
  6321 | D:8      | Noticed Pikel
  6330 | D:8      | Killed Pikel
  6546 | D:8      | Found a broken altar of Ashenzari.
  6628 | D:8      | Reached skill level 8 in Fighting
  6640 | D:8      | Paralysed by a hornet for 1 turns
  6797 | D:9      | Found a flagged portal.
  6835 | Bailey   | Entered a bailey
  6858 | Bailey   | Identified the +12 chain mail "Urghadom" {Dex+3 Stlth+}
  6887 | Bailey   | Reached **** piety under Trog
  7118 | Bailey   | Reached skill level 1 in Ranged Weapons
  7471 | D:9      | Identified the +1 broad axe of Waroah {spect, rElec Int+3}
  7755 | D:9      | Noticed a two-headed ogre
  7764 | D:9      | Killed a two-headed ogre
  7765 | D:9      | Reached skill level 9 in Fighting
  7842 | D:9      | Found Cykhunna's Weapon Shoppe.
  7927 | D:9      | Found a sparkling altar of Nemelex Xobeh.
  8141 | D:10     | Entered Level 10 of the Dungeon
  8209 | D:10     | Noticed an angel
  8210 | D:10     | Found a glowing silver altar of Zin.
  8310 | D:10     | Found a glowing golden altar of the Shining One.
  8576 | D:10     | Found a burning altar of Makhleb.
  8934 | D:11     | Identified a scroll of acquirement
  8937 | D:11     | Acquired the ring "Iprutzid" {rC++ SInv}
  8985 | D:11     | Noticed a red ugly thing
  9160 | D:11     | Noticed a cyclops
  9167 | D:11     | Killed a cyclops
  9168 | D:11     | Reached skill level 1 in Stealth
  9340 | D:11     | Reached skill level 10 in Fighting
  9340 | D:11     | Reached XP level 11. HP: 93/99 MP: 10/10
  9403 | D:11     | Noticed a centaur warrior
  9412 | D:11     | Killed a centaur warrior
  9413 | D:11     | Reached skill level 10 in Armour
  9572 | D:11     | Killed a red ugly thing
  9865 | D:12     | Reached skill level 5 in Dodging
  9879 | D:12     | Noticed a deep elf pyromancer
  9890 | D:12     | Killed a deep elf pyromancer
  9930 | D:12     | Identified the +3 scale mail of Vichohac {SInv}
  9932 | D:12     | Found a staircase to the Orcish Mines.
  9951 | D:12     | Got Kiego's Vademecum on the Transforming Anticline
  9962 | D:12     | Noticed a wizard
  9967 | D:12     | Killed a wizard
  9968 | D:12     | Reached skill level 11 in Fighting
  9969 | D:12     | Noticed a deep elf pyromancer
  9973 | D:12     | Killed a deep elf pyromancer
 10102 | Lair:1   | Entered Level 1 of the Lair of Beasts
 10279 | Lair:1   | Reached ***** piety under Trog
 10417 | Lair:1   | Noticed a seven-headed hydra
 10426 | Lair:1   | Killed a seven-headed hydra
 10853 | Lair:2   | Acquired a manual of Dodging
 11009 | Lair:2   | Found a runed translucent gate.
 11009 | Lair:2   | Noticed a 13-headed hydra
 11074 | Lair:2   | Found a staircase to the Swamp.
 11098 | Lair:2   | Found a runed translucent gate.
 11098 | Lair:2   | Found a runed translucent gate.
 11098 | Lair:2   | Noticed a seven-headed hydra
 11099 | Lair:2   | Noticed a 12-headed hydra
 11103 | Lair:2   | Killed a seven-headed hydra
 11104 | Lair:2   | Reached skill level 12 in Fighting
 11104 | Lair:2   | Reached XP level 12. HP: 83/112 MP: 11/11
 11182 | Lair:2   | Noticed Psyclone's ghost (journeyman OpVM)
 11429 | Lair:2   | Reached skill level 13 in Fighting
 11546 | Lair:2   | Reached skill level 1 in Throwing
 11687 | Lair:2   | Reached skill level 14 in Fighting
 12127 | Lair:3   | Noticed an eight-headed hydra
 12135 | Lair:3   | Killed an eight-headed hydra
 12529 | Lair:3   | Found a staircase to the Snake Pit.
 12674 | Lair:3   | Noticed a six-headed hydra
 12682 | Lair:3   | Killed a six-headed hydra
 13325 | Lair:4   | Noticed Sonja
 13333 | Lair:4   | Killed Sonja
 13334 | Lair:4   | Reached skill level 15 in Fighting
 13334 | Lair:4   | Reached XP level 13. HP: 124/126 MP: 12/12
 13344 | Lair:4   | Noticed Kirke
 13379 | Lair:4   | Killed Kirke
 13379 | Lair:4   | Received a gift from Trog
 13391 | Lair:4   | Found a gate leading to a gauntlet.
 13447 | Gauntlet | Entered a Gauntlet
 13447 | Gauntlet | Found a transporter.
 13455 | Gauntlet | Found a transporter.
 13458 | Gauntlet | Found a transporter.
 13459 | Gauntlet | Found a transporter.
 13491 | Gauntlet | Found a transporter.
 13495 | Gauntlet | Found a transporter.
 13500 | Gauntlet | Found a transporter.
 13507 | Gauntlet | Found a transporter.
 13512 | Gauntlet | Found a transporter.
 13516 | Gauntlet | Found a transporter.
 13524 | Gauntlet | Found a transporter.
 13527 | Gauntlet | Found a transporter.
 13532 | Gauntlet | Found a transporter.
 13540 | Gauntlet | Found a transporter.
 13739 | Gauntlet | Gained mutation: You have large cloven feet. [a neqoxec]
 13759 | Gauntlet | Identified the +8 sling of Distant Shores {elec, SInv
                  | Stlth+}
 13806 | Gauntlet | Identified the +0 pair of boots of Complete Protection
                  | {rPois rCorr Dex-2}
 13864 | Gauntlet | Identified the amulet "Sufuf" {Spirit rF+++ Regen+ Str-5
                  | Int+2}
 13918 | Gauntlet | Identified the amulet "Doly" {*Slow rPois Regen+ Stlth+}
 13969 | Gauntlet | Noticed a minotaur
 13971 | Gauntlet | Identified the staff of air "Wein Wywn" {rElec rC+ rN+
                  | Int+6}
 13978 | Gauntlet | Killed a minotaur
 14335 | Lair:4   | Found a glowing golden altar of the Shining One.
 14348 | Lair:4   | Reached skill level 16 in Fighting
 14703 | Lair:5   | Entered Level 5 of the Lair of Beasts
 14917 | Lair:5   | Found a viscous altar of Jiyva.
 14917 | Lair:5   | Found a staircase to the Slime Pits.
 14995 | Lair:5   | Reached skill level 5 in Evocations
 15383 | Lair:5   | Received a gift from Trog
 15407 | Lair:5   | Reached XP level 14. HP: 138/138 MP: 13/13
 15476 | Lair:5   | Reached skill level 17 in Fighting
 15516 | Lair:5   | Reached skill level 15 in Armour
 16149 | Lair:5   | Found a corrupted altar of Lugonu.
 16149 | Lair:5   | Found a one-way gate to the infinite horrors of the Abyss.
 16536 | D:12     | Reached skill level 10 in Dodging
 17071 | Orc:1    | Entered Level 1 of the Orcish Mines
 17091 | D:12     | Reached skill level 18 in Fighting
 17175 | Orc:1    | Found a bloodstained altar of Trog.
 17318 | Orc:1    | Reached skill level 5 in Throwing
 17480 | Orc:2    | Entered Level 2 of the Orcish Mines
 17636 | Orc:2    | Noticed Jorgrun
 17697 | Orc:2    | Found a staircase to the Elven Halls.
 17979 | Orc:2    | Reached ****** piety under Trog
 18041 | Orc:2    | Killed Jorgrun
 18195 | Orc:2    | Received a gift from Trog
 18217 | Orc:2    | Gained mutation: You are dopey. (Int -2) [a neqoxec]
 18423 | Orc:2    | Found Dyubruenace's General Store.
 18425 | Orc:2    | Found Afoitot's Book Shoppe.
 18425 | Orc:2    | Found Seahuc's General Store.
 18426 | Orc:2    | Found Buburgh's Magic Scroll Shoppe.
 18440 | Orc:2    | Bought 5 atropa-tipped darts for 54 gold pieces
 18444 | Orc:2    | Bought a scroll of blinking for 135 gold pieces
 18669 | D:13     | Acquired the +0 hat "Epnous" {rF+ Will+ Regen+ Str+3}
 18900 | D:13     | Reached skill level 19 in Fighting
 18907 | D:13     | Reached XP level 15. HP: 152/152 MP: 14/14
 18996 | D:13     | Found an opulent altar of Gozag.
 19253 | D:14     | Noticed Nessos
 19253 | D:14     | Found a gate to the Vaults.
 19385 | D:14     | Identified the +6 spear of Resourcefulness {heavy, rF+
                  | Str+2}
 19551 | D:14     | Noticed Snorg
 19558 | D:14     | Killed Snorg
 19624 | D:14     | Reached skill level 15 in Maces & Flails
 19637 | D:14     | Killed Nessos
 19875 | D:2      | Bought a scroll labelled YFIPPOTU XEED for 20 gold pieces
 19875 | D:2      | Bought a purple potion for 18 gold pieces
 19875 | D:2      | Bought a murky red potion for 18 gold pieces
 19875 | D:2      | Bought a scroll labelled HASEME DAMN for 20 gold pieces
 19875 | D:2      | Bought a dark potion for 18 gold pieces
 19915 | D:4      | Killed Eustachio
 20106 | D:4      | Killed Sigmund
 20166 | D:4      | Noticed Menkaure
 20169 | D:4      | Killed Menkaure
 20169 | D:4      | Received a gift from Trog
 20466 | Swamp:1  | Entered Level 1 of the Swamp
 20479 | Swamp:1  | Noticed Roxanne
 20685 | Swamp:1  | Noticed Donald
 20699 | Swamp:1  | Killed Donald
 20975 | Swamp:1  | Killed Roxanne
 21496 | Swamp:2  | Reached skill level 20 in Fighting
 22035 | D:14     | Acquired the +3 warlock's mirror {omnireflect}
 22035 | D:14     | Found the +3 warlock's mirror {omnireflect}
 22393 | D:14     | Reached skill level 1 in Polearms
 22439 | D:14     | Reached XP level 16. HP: 129/164 MP: 10/15
 22464 | D:14     | Found a faded altar of an unknown god.
 22466 | D:14     | Found a hazy altar of Hepliaklqana.
 23354 | Swamp:2  | Reached skill level 1 in Shields
 23880 | Swamp:4  | Entered Level 4 of the Swamp
 23895 | Swamp:4  | HP: 3/165 [swamp dragon (20)]
 23904 | Swamp:4  | Reached skill level 5 in Polearms
 23907 | Swamp:4  | Received a gift from Trog
 24382 | Swamp:4  | Reached skill level 15 in Dodging
 24427 | Swamp:4  | Reached skill level 5 in Shields
 24612 | Swamp:4  | Noticed the 27-headed Lernaean hydra
 24786 | Lair:2   | Killed Psyclone's ghost
 24890 | Snake:1  | Entered Level 1 of the Snake Pit
 25440 | Snake:1  | Reached XP level 17. HP: 172/172 MP: 14/16
 25501 | Snake:1  | Received a gift from Trog
 27245 | Snake:3  | Reached skill level 10 in Polearms
 27273 | Snake:3  | Found a runed translucent door.
 27295 | Snake:3  | Noticed Ironcache's ghost (journeyman MeGl)
 27360 | Snake:3  | Found Fasam's Weapon Emporium.
 27364 | Snake:3  | Found Ollirch's Assorted Antiques.
 27372 | Snake:3  | Bought a scroll of blinking for 172 gold pieces
 27998 | Snake:3  | Killed Ironcache's ghost
 28004 | Snake:3  | Identified the +3 robe of the Slorg {Will- MP+9 Str+8}
 28034 | Snake:4  | Entered Level 4 of the Snake Pit
 28366 | Snake:4  | Identified the +2 helmet "Kowiqag" {Will++ Dex+3 Stlth-}
 28848 | Snake:4  | Received a gift from Trog
 29159 | Swamp:4  | Killed the 27-headed Lernaean hydra
 29160 | Swamp:4  | Reached skill level 21 in Fighting
 29160 | Swamp:4  | Reached skill level 10 in Shields
 29338 | Swamp:4  | Got a decaying rune of Zot
 29840 | Snake:4  | Got Kura Yts's Compilation of Doom
 30074 | Snake:4  | Noticed Nikola
 30089 | Snake:4  | Killed Nikola
 30311 | Snake:4  | Noticed Aizul
 30336 | Snake:4  | Killed Aizul
 30357 | Snake:4  | Reached XP level 18. HP: 101/182 MP: 11/17
 30510 | Snake:4  | Received a gift from Trog
 30529 | Snake:4  | Noticed Vashnia
 30554 | Snake:4  | Killed Vashnia
 31010 | Snake:4  | HP: 8/182 [salamander tyrant (2)]
 31015 | Snake:4  | HP: 9/182 [poisoned by a nagaraja (poison arrow)]
 31292 | Snake:4  | Got a serpentine rune of Zot
 31761 | D:15     | Entered Level 15 of the Dungeon
 32062 | D:15     | Found Zaekiu's Weapon Boutique.
 32307 | D:15     | Found Pithrun's Armour Emporium.
 32554 | D:15     | Found a staircase to the Depths.
 32594 | D:15     | Found Qofaivan's Jewellery Boutique.
 32602 | D:15     | Bought the ring of the Endless Expanse {rPois rC+ Will+
                  | Str+6 Dex-3} for 749 gold pieces
 32636 | D:15     | Received a gift from Trog
 32800 | D:15     | Found Qourhi's Antique Weapon Shoppe.
 33281 | Vaults:1 | Entered Level 1 of the Vaults
 34389 | Slime:1  | Entered Level 1 of the Pits of Slime
 34461 | Slime:1  | Gained mutation: You occasionally lose the ability to read
                  | scrolls when taking damage. [a shining eye]
 34466 | Slime:1  | Gained mutation: You have hidden genetic defects. [a
                  | shining eye]
 34471 | Slime:1  | Lost mutation: You have hidden genetic defects. [potion of
                  | mutation]
 34471 | Slime:1  | Lost mutation: You have large cloven feet. [potion of
                  | mutation]
 34471 | Slime:1  | Lost mutation: You occasionally lose the ability to read
                  | scrolls when taking damage. [potion of mutation]
 34471 | Slime:1  | Gained mutation: You have hidden genetic potential. [potion
                  | of mutation]
 34471 | Slime:1  | Gained mutation: You expend magic power (3 MP) to
                  | strengthen your wands. [potion of mutation]
 34471 | Slime:1  | Gained mutation: You are partially covered in iridescent
                  | scales. (AC +2) [potion of mutation]
 35247 | Vaults:1 | Reached XP level 19. HP: 180/191 MP: 14/18
 35738 | Vaults:2 | Found a flickering gateway to a bazaar.
 35757 | Bazaar   | Entered a bazaar
 35757 | Bazaar   | Found Dapn's Antique Armour Shop.
 35757 | Bazaar   | Found Kyleojor's Antique Weapon Shop.
 35771 | Bazaar   | Found Muduney's Distillery.
 35833 | Bazaar   | Bought a potion of might for 36 gold pieces
 35833 | Bazaar   | Bought a potion of curing for 27 gold pieces
 35919 | Vaults:1 | Reached skill level 22 in Fighting
 36064 | Vaults:2 | Found Xalupich's Weapon Emporium.
 36161 | Vaults:2 | Received a gift from Trog
 36630 | Vaults:2 | Identified the +4 scale mail of Qomiun {Dex+3}
 36920 | Vaults:2 | Reached skill level 15 in Shields
 37653 | Vaults:3 | Found a staircase to the Crypt.
 37705 | Vaults:3 | Found Nirutrits's Antique Armour Shoppe.
 37778 | Vaults:3 | Found Athef's Assorted Antiques.
 38222 | Vaults:3 | Received a gift from Trog
 38429 | Vaults:3 | Found Fisuess's Book Shop.
 38508 | Vaults:3 | Found Sepynae's Jewellery Boutique.
 38728 | Vaults:3 | Gained mutation: Your system is resistant to poisons.
                  | (rPois) [hidden potential]
 39148 | Vaults:3 | Found Maedgh's Distillery.
 39172 | Crypt:1  | Entered Level 1 of the Crypt
 39172 | Crypt:1  | Identified the ring of Vycwahis {Ice Str+2}
 39172 | Crypt:1  | Noticed Josephina
 39205 | Vaults:4 | Reached XP level 20. HP: 182/202 MP: 16/19
 39282 | Vaults:4 | Received a gift from Trog
 39283 | Vaults:4 | Found Talit's Jewellery Shop.
 39426 | Vaults:4 | Bought the brooch of Shielding {Spirit SH+8} for 715 gold
                  | pieces
 39426 | Vaults:4 | Found the brooch of Shielding {Spirit SH+8}
 39760 | Vaults:4 | Found Kayf's Book Emporium.
 41232 | Depths:1 | Entered Level 1 of the Depths
 41394 | Depths:1 | Received a gift from Trog
 41465 | Depths:1 | Found a gateway to Hell.
 41614 | Depths:1 | Found a magical portal.
 41626 | WizLab   | Entered Iskenderun's Mystic Tower
 42017 | WizLab   | Gained mutation: Your spells are a little harder to cast,
                  | but a little more powerful. [hidden potential]
 42017 | WizLab   | Lost mutation: You have hidden genetic potential. [hidden
                  | potential expressed]
 42199 | WizLab   | Got Iskenderun's Catalogue of Impulse
 42199 | WizLab   | Got Iskenderun's Dissertation on the Shot
 43049 | Slime:1  | Received a gift from Trog
 43297 | Slime:1  | Reached skill level 23 in Fighting
 43414 | Slime:2  | Reached skill level 5 in Stealth
 43428 | Slime:2  | Reached XP level 21. HP: 149/211 MP: 14/20
 44205 | Slime:3  | Gained mutation: Your magical capacity is low. (-10% MP) [a
                  | shining eye]
 44207 | Slime:3  | Gained mutation: Your magical capacity is very low. (-20%
                  | MP) [a shining eye]
 44281 | Slime:3  | Gained mutation: Your body sometimes deteriorates upon
                  | taking damage. [a shining eye]
 44289 | Slime:3  | Reached skill level 10 in Throwing
 44358 | Slime:2  | Identified the +10 demon trident of Nononug {heavy, *Noise
                  | Fly SInv} (Trog gifted it to you on level 2 of the Pits of
                  | Slime)
 44358 | Slime:2  | Received a gift from Trog
 44525 | Slime:3  | Gained mutation: Your body often deteriorates upon taking
                  | damage. [a shining eye]
 44528 | Slime:3  | Gained mutation: You are frail. (-10% HP) [a shining eye]
 44809 | Slime:4  | Annihilated by an enormous slime creature

Illustrated notes

Levels and vault maps discovered:
D:1:      giann_horns, layout_loops_cross, hangedman_decor_opposing
D:2:      layout_rooms, serial_shops, nicolae_shop_rolling_square,
          grunt_ministairs_9, minmay_door_square, uniq_terence
D:3:      layout_rooms, hellmonk_ecumenical_altar_lost_god
D:4:      layout_cave_pools, lightli_minifort, uniq_eustachio, uniq_menkaure,
          uniq_sigmund
D:5:      layout_cave_pods, mainiacjoe_overflow_six_doors_small,
          minmay_temple_entry_poolview
D:6:      layout_layer_cave, slow_altar_1, chequers_serial_rivers_room_a
D:7:      minmay_blocky_corners, layout_loops_ring, xom_redecorated,
          chequers_temple_overflow_minitemple, minmay_misc_feat_secret_circle,
          chequers_avenue
D:8:      layout_basic, mainiacjoe_overflow_24_doors,
          mainiacjoe_overflow_brackets, lair_entry_dummy,
          david_defended_altar_orc, uniq_pikel
D:9:      layout_loops_corners, overflow_temple_1_default, serial_shops,
          nicolae_shop_stone, enter_bailey_4, grunt_decor_one_mirror
D:10:     layout_roguey, kennysheep_mini, mainiacjoe_overflow_alcove_1,
          zin_angel, mrwooster_statue_mirror
D:11:     layout_irregular_city
D:12:     nicolae_BIG_FREAKIN_CUBE, layout_basic, orc_0_dummy
D:13:     layout_roguey, nicolae_gozag_seed_capital
D:14:     layout_loops_ring, david_vaults_3,
          beargit_hepliaklqana_dungeon_heroes, uniq_snorg
D:15:     gammafunk_depths_entry_grave, layout_grid_maze, serial_shops,
          nicolae_diamond_shop, shop, shop, shop, eino_house_with_fridge
Temple:   hellmonk_temple_flake
Lair:1:   beast_lair_carwin_large_1, layout_long_grid
Lair:2:   regret_index_wax_grids, layout_loops_ring, swamp_mist_pool,
          gammafunk_ghost_hydra_chop, nicolae_lair_grove_arrangements,
          beast_lair_carwin_4
Lair:3:   layout_cave_pods, nicolae_snake_entry_warm_welcome
Lair:4:   layout_cave_pods, gauntlet_entry_generic, lemuel_oklob_altar,
          uniq_kirke, uniq_sonja
Lair:5:   hellmonk_lair_end_abyssal_woods, layout_regular_city,
          nicolae_slime_entry_field_trip, chequers_serial_rivers_large_b,
          grunt_forest_small_clearings, nzn_sisyphean_effort
Swamp:1:  layout_falls_marsh, nicolae_swamp_fairy_circle, swamp_pool1,
          uniq_roxanne, uniq_donald
Swamp:2:  nicolae_swamp_flooded_prison, layout_basic_swamp,
          evilmike_swamp_ruin_house_3
Swamp:3:  layout_basic_swamp, serial_swamp_ruin, evilmike_swamp_ruin_house_4,
          evilmike_swamp_ruin_rubble_2, infiniplex_staircase_pool
Swamp:4:  swamp_vile, layout_basic_swamp
Snake:1:  layout_chambers
Snake:2:  layout_gridlike
Snake:3:  layout_cave_shapes, ebering_ghost_reflecting_pool,
          serial_bayou_pond_c, grunt_megastairs_4, minmay_shop_star,
          serial_bayou_shore_b
Snake:4:  grunt_snake_rune_spirals, layout_onion, serial_bayou_pond_b,
          serial_bayou_shore_b, uniq_nikola, uniq_aizul, uniq_vashnia
Slime:1:  layout_caves
Slime:2:  layout_caves
Slime:3:  layout_caves
Slime:4:  layout_caves, nicolae_slime_barrier
Orc:1:    layout_caves, basic_altar
Orc:2:    st_orc_pillars, layout_caves, uniq_jorgrun
Vaults:1: nicolae_vaults_specimen_jars, grunt_vaults_funnel,
          nicolae_vaults_trapezoid_2, nicolae_vaults_gold_heap,
          vaults_room_pools, layout_vaults_quadrants
Vaults:2: grunt_vaults_swirl, grunt_vaults_hallway_short, ontoclasm_vaults_spin,
          nicolae_vaults_little_squares_3, ontoclasm_vaults_twist,
          nicolae_vaults_door_testing_chamber, v_misc_32, nicolae_vaults_two_Ls,
          nicolae_vaults_trapezoid_4, nicolae_vaults_tetromino_L_2,
          nicolae_vaults_shelves_hall, v_alt_pattern_2, nicolae_vaults_house_1,
          v_alt_pattern_2, layout_vaults_maze, serial_shops, freezing_bzr, shop
Vaults:3: nicolae_vaults_sealed_display, v_misc_29, st_octagons_2,
          vaults_dpeg_encased_lava, nicolae_vaults_two_Ls, v_misc_14,
          nicolae_vaults_little_squares_1, ontoclasm_vaults_decontamination,
          minmay_crypt_entry_simple_statues, v_rooms_1, nicolae_vaults_theta,
          vaults_room_grunt_arrival_checkpoint, layout_vaults_ring,
          serial_shops, nicolae_book_shop_shelving,
          nicolae_shop_pleasant_corner_grove, nicolae_square_shop,
          nicolae_shop_waterfront, shop
Vaults:4: nicolae_vaults_turnstiles, ontoclasm_vaults_misaligned,
          nicolae_vaults_prndl, nicolae_vaults_network_square,
          nicolae_vaults_diamond_1, v_misc_16, vaults_room_grid,
          nicolae_vaults_hallways_thing, nicolae_vaults_doubleplus_tesselated,
          vaults_room_hallway, nicolae_vaults_triangles, vaults_room_octagon,
          layout_vaults_omnibox, serial_shops, shop, shop
Crypt:1:  ragdoll_tomb_raider, layout_regular_city, uniq_josephina
Depths:1: dreamdust_experimentation, layout_basic, amcnicky_mini_pool_small,
          mu_enter_wizlab_4, pf_hell_entry_great_geh,
          nicolae_abyss_entry_one_way_or_another, nicolae_shop_gadgets,
          serial_bayou_shore_b, grunt_megastairs_5

Skill      XL: |  1  2  3  4  5  6  7  8  9 10 11 12 13 14 15 16 17 18 19 20 21 |
---------------+----------------------------------------------------------------+-----
Fighting       | 4 5 6 7 10 12 15 16 19 20 21 22 23 | 23.2
Axes           | 4 |  4.5
Armour         | 3 4 6 7 9 12 13 14 15 16 17 18 19 | 19.7
Maces & Flails | 3 5 8 11 13 14 15 | 15.7
Evocations     | 1 2 3 5 6 7 8 9 |  9.0
Dodging        | 3 4 6 7 8 11 14 15 16 17 | 17.8
Ranged Weapons | 3 4 |  4.6
Stealth        | 1 2 3 5 |  5.0
Throwing       | 1 2 5 6 7 8 9 10 | 10.0
Polearms       | 1 8 11 12 13 14 | 14.5
Shields        | 7 11 14 15 17 18 | 18.4

Action                     |  1- 3 |  4- 6 |  7- 9 | 10-12 | 13-15 | 16-18 | 19-21 || total
---------------------------+-------+-------+-------+-------+-------+-------+-------++-------
  Melee: Hand axe          |    73 |    20 |       |       |       |       |       ||    93
         Headbutt          |     9 |     7 |    13 |    88 |   271 |   349 |   470 ||  1207
         Dire flail        |       |    56 |   119 |   508 |  1062 |       |       ||  1745
         Spear             |       |       |       |       |    34 |  1758 |  1579 ||  3371
         Demon trident     |       |       |       |       |       |       |    86 ||    86
   Fire: Shortbow          |       |       |       |     6 |       |       |       ||     6
  Throw: Boomerang         |       |       |       |     4 |     9 |    53 |     1 ||    67
         Dart              |       |       |       |       |     2 |       |       ||     2
 Invoke: Berserk           |     1 |     2 |     3 |     1 |     2 |     1 |     1 ||    11
         Trog's Hand       |       |       |     1 |       |     3 |     7 |     4 ||    15
         Brothers in Arms  |       |       |       |       |     3 |     7 |     5 ||    15
  Evoke: Wand              |       |       |       |     1 |       |     1 |       ||     2
         Phantom mirror    |       |       |       |       |       |     2 |       ||     2
         Tin of tremorston |       |       |       |       |       |       |     2 ||     2
         Lightning rod     |       |       |       |       |       |       |     3 ||     3
    Use: Scroll            |       |       |     8 |     9 |    10 |    14 |     2 ||    43
         Potion            |       |       |     1 |       |       |     9 |     2 ||    12
   Stab: Distracted        |       |       |       |       |     1 |       |     1 ||     2
         Paralysed         |       |       |       |       |       |       |     3 ||     3
 Armour: Animal skin       |     2 |       |       |       |       |       |       ||     2
         Ring mail         |     9 |       |       |    26 |       |       |       ||    35
         Scale mail        |    11 |    24 |       |       |       |       |       ||    35
         Chain mail        |       |    24 |    49 |   203 |   519 |  1054 |   790 ||  2639
  Dodge: Dodged            |    39 |    31 |    58 |   287 |   559 |   985 |   666 ||  2625
  Block: Buckler           |       |       |       |       |    13 |   756 |  1100 ||  1869
         Reflection        |       |       |       |       |     1 |   120 |    91 ||   212
